 Dungeon Crawl Stone Soup version 0.25-a0-949-gdd2af9e06e (webtiles) character file.

Game seed: 12485915149555860424, levelgen mode: deterministic

41299 Chiseanne the Thaumaturge (level 13, -8/107 HPs)
             Began as a Demonspawn Wanderer on May 8, 2020.
             Was an Initiate of Gozag.
             Mangled by a komodo dragon (25 damage)
             ... on level 15 of the Dungeon.
             The game lasted 01:29:38 (29489 turns).

Chiseanne the Thaumaturge (Demonspawn Wanderer)    Turns: 29489, Time: 01:29:38

Health: -8/107     AC: 25    Str: 14    XL:     13   Next: 79%
Magic:  25/30      EV: 18    Int: 21    God:    Gozag
Gold:   476        SH:  6    Dex: 14    Spells: 25/39 levels left

rFire    + . .     SeeInvis +   a - +3 broad axe (elec)
rCold    + . .     Gourm    .   (no shield)
rNeg     + . .     Faith    .   N - +2 leather armour {rF+}
rPois    +         Spirit   .   R - +2 hat {Int+3}
rElec    +         Reflect  +   z - +2 cloak {MR+}
rCorr    .         Harm     .   v - +0 pair of gloves
MR       +....                  M - +0 pair of boots
Stlth    +.........             U - amulet of Moral Flaws {Reflect rElec rPois rN+ SH+6 SInv}
HPRegen  0.27/turn              o - +2 ring of strength
MPRegen  0.22/turn              X - ring of protection from cold (curse)

@: brilliant, gold aura, sanguine armour, very slightly contaminated
A: antennae 2, demonic guardian 1, powered by pain 1, augmentation 1, sanguine
armour 3
a: Potion Petition, Call Merchant, Bribe Branch, Renounce Religion


You were on level 15 of the Dungeon.
You worshipped Gozag.
Gozag was aware of your devotion.
You were not hungry.

You visited 4 branches of the dungeon, and saw 21 of its levels.
You also visited: Sewer and Ossuary.

You collected 5038 gold pieces.
You spent 2735 gold pieces at shops.
You paid 1827 gold pieces to Gozag.

Inventory:

Hand Weapons
 a - a +3 broad axe of electrocution (weapon)
 d - the +9 falchion of Imminent Death {antimagic, rF+ Str+8 Dex-5 SInv}
   (You found it on level 1 of the Lair of Beasts)

   It reduces the magical energy of the wielder, and disrupts the spells and
   magical abilities of those hit.
   Natural abilities and divine invocations are not affected.
   It affects your strength (+8).
   It affects your dexterity (-5).
   It protects you from fire.
   It lets you see invisible.
 f - a +0 short sword of venom
 s - a +2 war axe of flaming
 w - the +6 hunting sling of the Depths {flame, rPois rC+ rN+}
   (You bought it in a shop on level 14 of the Dungeon)

   It causes projectiles fired from it to burn those they strike, causing extra
   injury to most foes and up to half again as much damage against particularly
   susceptible opponents.
   It protects you from cold.
   It protects you from poison.
   It protects you from negative energy.
Missiles
 h - 55 bolts
 i - 5 silver javelins
 n - 81 sling bullets
 p - 288 arrows
 q - 20 boomerangs
 r - 6 datura-tipped darts
 I - 57 poisoned darts (quivered)
 K - 6 javelins
 P - a throwing net
 Q - 3 silver boomerangs
 S - 2 boomerangs of dispersal
Armour
 v - a +0 pair of gloves (worn)
 z - a +2 cloak of magic resistance (worn)
 C - a scarf of repulsion
 M - a +0 pair of boots (worn)
 N - a +2 leather armour of fire resistance (worn)
 R - a +2 hat of intelligence (worn)
Magical Staves
 y - an uncursed staff of wizardry
Jewellery
 m - an uncursed ring of protection from fire
 o - a +2 ring of strength (left hand)
 x - an uncursed ring of flight
 U - the amulet of Moral Flaws (around neck) {Reflect rElec rPois rN+ SH+6 SInv}
   (You bought it in a shop on level 11 of the Dungeon)

   [amulet of reflection]

   It shields you and reflects attacks.
   It insulates you from electricity.
   It protects you from poison.
   It protects you from negative energy.
   It lets you see invisible.
   It affects your SH (+6).
 X - a cursed ring of protection from cold (right hand)
Wands
 j - a wand of flame (15)
 l - a wand of enslavement (4)
 L - a wand of digging (10)
 T - a wand of polymorph (11)
Scrolls
 e - 2 scrolls of immolation
 g - 3 scrolls of identify
 k - 9 scrolls of remove curse
 t - 6 scrolls of teleportation
 u - 3 scrolls of amnesia
 F - 2 scrolls of silence
 H - a scroll of fog
 J - a scroll of fear
 O - 2 scrolls of magic mapping
 W - 2 scrolls of brand weapon
Potions
 b - 6 potions of stabbing
 c - 3 potions of flight
 A - 5 potions of mutation
 B - 3 potions of resistance
 D - 5 potions of cancellation
 E - 7 potions of ambrosia
 G - 4 potions of brilliance
 Y - 5 potions of curing
Comestibles
 V - 15 rations


   Skills:
 * Level 11.9 Fighting
 - Level 6.5 Armour
 * Level 10.9 Dodging
 - Level 1.0 Stealth
 - Level 13.7 Spellcasting
 - Level 7.8 Conjurations
 - Level 6.1 Hexes
 * Level 0.6 Translocations
 * Level 3.0 Fire Magic
 - Level 1.0 Poison Magic
 - Level 1.0 Evocations


You had 25 spell levels left.
You knew the following spells:

 Your Spells              Type           Power        Failure   Level  Hunger
a - Apportation           Tloc           ####..       4%          1    None
b - Cause Fear            Hex            ######....   4%          4    None
c - Sticky Flame          Conj/Fire      ######..     6%          4    None
d - Mephitic Cloud        Conj/Pois/Air  #####...     4%          3    None
e - Blink                 Tloc           N/A          6%          2    None

Your spell library contained the following spells:

 Spells                   Type           Power        Failure   Level  Hunger
 Corona                   Hex            ######.      1%          1    None
 Foxfire                  Conj/Fire      ####         1%          1    None
 Magic Dart               Conj           ####         1%          1    None
 Slow                     Hex            ######..     1%          2    None
 Conjure Flame            Conj/Fire      ######..     1%          3    None
 Inner Flame              Hex/Fire       ######..     2%          3    None
 Sting                    Tmut/Pois      ###.         4%          1    None
 Animate Skeleton         Necr           N/A          5%          1    None
 Summon Small Mammal      Summ           ###.         5%          1    None
 Call Imp                 Summ           ###.....     9%          2    None
 Spider Form              Tmut/Pois      ###.......   13%         3    None
 Fireball                 Conj/Fire      ######....   16%         5    None
 Silence                  Hex/Air        #####.....   41%         5    None
 Yara's Violent Unravell  Hex/Tmut       #####.....   41%         5    None
 Discord                  Hex            ######....   100%        8    None


Dungeon Overview and Level Annotations

Branches:
Dungeon (14/15)            Temple (1/1) D:6            Lair (3/6) D:11
 Spider (0/4) Lair:2          Orc (2/2) D:11            Elf (0/3) Orc:2
 Vaults (0/5) D:13          Sewer (visited)         Ossuary (visited)
  Swamp: Lair:2-4    Shoals: Lair:2-4

Altars:
Ashenzari
Cheibriados
Dithmenos
Elyvilon
Fedhas
Gozag
Makhleb
Nemelex Xobeh
Okawaru
Qazlal
Ru
Sif Muna
Trog
Uskayaw
Vehumet
Wu Jian
Xom
Yredelemnul
Zin
The Shining One

Shops:
D:8 }   D:9 (   D:11 =   D:12 (   D:14 ((:   Orc:1 *   Orc:2 *

Annotations:
D:7 1 runed translucent door
D:8 1 runed translucent door, FrogZ's ghost, novice DsBe
D:14 3 runed translucent doors
Lair:2 2 transporters


Innate Abilities, Weirdness & Mutations

You have a pair of antennae on your head.
A weak demonic guardian rushes to your aid.
You sometimes gain a little power by taking damage.
Your magical and physical power is slightly enhanced at high health.
When seriously injured, your bleeding wounds create very thick armour. (AC +12)


Message History

Aim: an orc knight, wielding a +0 great sword and wearing a +0 plate armour (severely wounded, confused)
Okay, then.
Casting: Mephitic Cloud (mildly dangerous; 4% risk of failure)
Confirm with . or Enter, or press ? or * to list all spells.
Aiming: Mephitic Cloud (mildly dangerous; 4% risk of failure)
Press: ? - help, Shift-Dir - straight line, f/p - orc knight
Aim: an orc knight, wielding a +0 great sword and wearing a +0 plate armour (severely wounded, confused)
You feel a surge of power!
The ball explodes into a vile cloud!
The stinking cloud engulfs the orc knight but does no damage.
The orc knight is severely wounded.
The stinking cloud engulfs the four-headed hydra but does no damage.
The orc knight is engulfed in noxious fumes.
The orc knight appears confused.
The orc knight is engulfed in noxious fumes.
Your surroundings suddenly seem different.
A komodo dragon comes into view.
You feel a little less mighty now.
You closely miss the komodo dragon. The komodo dragon bites you!!
You die...
Your body crumbles into a pile of gold.

#.......(($..#..#
#....o..(#####..# {
#.....($...###....
#...........#......
#...................
##.............#...!.
##..#.#.........
###....##........#
.......@l...###...
............#
#............#
................
................
.................
#................
#...............


You could see a komodo dragon.

Vanquished Creatures
  Gastronok (D:11)
  Josephine (D:11)
  3 hydras
  5 two-headed ogres
  3 death yaks (D:10)
  An orc high priest (Orc:1)
  Urug (D:13)
  2 unseen horrors
  An ugly thing (D:12)
  An orc sorcerer (Orc:1)
  2 cyclopes
  A manticore (D:11)
  A spiny frog (D:11)
  A gargoyle (D:12)
  2 komodo dragons
  A torpor snail (Lair:2)
  A freezing wraith (D:15)
  A yaktaur (D:15)
  2 ice devils (D:11)
  5 trolls
  A hornet (Lair:3)
  3 hippogriffs
  A meliai zombie (D:15)
  2 blink frogs (Lair:2)
  3 slime creatures (D:9)
  A vampire (D:9)
  30 yaks
  2 wyverns
  2 hogs (D:7)
  3 wraiths (D:11)
  2 hungry ghosts (D:11)
  A basilisk (Lair:2)
  A steam dragon (D:14)
  A human (D:7)
  A warg (Orc:1)
  2 porcupines
  8 water moccasins
  23 orc warriors
  A black bear (D:10)
  An eye of draining (D:14)
  Purgy (Sewer)
  4 sky beasts
  2 ice beasts
  A hornet zombie (D:11)
  2 phantoms
  5 ogres
  8 centaurs
  8 wolves
  6 crocodiles
  9 bullfrogs
  2 big kobolds
  A wyvern zombie (D:8)
  10 scorpions
  2 water moccasin skeletons (D:8)
  A wyvern skeleton (D:9)
  23 killer bees
  5 howler monkeys
  7 wights
  6 electric eels (D:8)
  4 centaur zombies
  2 crimson imps
  6 human zombies (Ossuary)
  6 hounds
  3 centaur skeletons
  A bullfrog skeleton (D:9)
  22 orc priests
  3 jellies
  26 orc wizards
  3 hell rats (D:11)
  4 iguanas
  10 worker ants
  2 big kobold zombies (Ossuary)
  A hound skeleton (D:7)
  3 mummies (Ossuary)
  A worker ant zombie (D:9)
  4 gnolls (D:5)
  2 river rats (D:6)
  4 scorpion zombies (Ossuary)
  8 adders
  2 shadow imps
  2 dart slugs
  6 leopard geckos
  92 orcs
  4 ball pythons
  12 bats
  7 giant cockroaches
  8 goblins
  4 hobgoblins
  9 jackals
  5 quokkas
  7 frilled lizards
  A goblin zombie (Ossuary)
  2 hobgoblin zombies (Ossuary)
  2 jackal skeletons (D:4)
  A jackal zombie (D:9)
  15 kobolds
  A kobold zombie (Ossuary)
  A leopard gecko zombie (D:6)
  2 orc zombies (Ossuary)
  A quokka skeleton (D:7)
  A quokka zombie (D:8)
  11 rats
  A spectral jackal (D:9)
  A fungus (Lair:2)
  3 plants
544 creatures vanquished.

Vanquished Creatures (collateral kills)
  A hydra (Lair:1)
  2 two-headed ogres
  An ugly thing (D:10)
  2 cyclopes
  A centaur skeleton (D:13)
  A hornet (D:10)
  A troll (D:15)
  Prince Ribbit (D:8)
  A blink frog (Lair:2)
  3 yaks
  A wraith (D:11)
  2 hogs (D:7)
  A water moccasin (Lair:1)
  2 wolves (Lair:1)
  3 ogres
  A centaur (D:11)
  A bullfrog (D:12)
  A scorpion (Ossuary)
  2 wights
  2 killer bees (D:8)
  A howler monkey (D:12)
  2 orc priests
  2 iguanas
  Jessica (D:2)
  A bullfrog skeleton (D:12)
  A big kobold zombie (Ossuary)
  An adder (D:9)
  6 orcs
  A quokka (D:11)
  A ball python (Sewer)
  A hobgoblin zombie (Ossuary)
  6 kobolds
  A kobold zombie (D:6)
  A leopard gecko zombie (D:9)
56 creatures vanquished.

Vanquished Creatures (others)
  2 orc warriors
  3 scorpions (Ossuary)
  A plant (D:8)
6 creatures vanquished.

Grand Total: 606 creatures vanquished

Notes
Turn   | Place    | Note
-------+----------+-------------------------------------------
     0 | D:1      | Chiseanne the Demonspawn Wanderer began the quest for the
                  | Orb.
     0 | D:1      | Chiseanne set off with the following items: a +2 spear, a
                  | +0 robe, a ration; and the following spell memorised:
                  | Sting; and the following spells available to memorise:
                  | Spider Form
     0 | D:1      | Reached XP level 1. HP: 15/15 MP: 3/3
   103 | D:1      | Gained mutation: You sometimes gain a little power by
                  | taking damage. [demonic ancestry]
   103 | D:1      | Reached XP level 2. HP: 21/21 MP: 5/5
   183 | D:1      | Reached skill level 1 in Dodging
  1007 | D:1      | Gained mutation: A weak demonic guardian rushes to your
                  | aid. [demonic ancestry]
  1007 | D:1      | Reached XP level 3. HP: 20/27 MP: 6/6
  1546 | D:2      | Noticed Jessica
  1552 | D:2      | Killed Jessica
  2325 | D:3      | Noticed a scorpion
  2327 | D:3      | Gained mutation: When seriously injured, your bleeding
                  | wounds create armour. (AC +12) [demonic ancestry]
  2327 | D:3      | Reached XP level 4. HP: 35/35 MP: 7/7
  2348 | D:3      | Reached XP level 5. HP: 26/41 MP: 8/8
  3241 | D:3      | Found a shimmering altar of Xom.
  3746 | D:4      | Gained mutation: When seriously injured, your bleeding
                  | wounds create thick armour. (AC +12) [demonic ancestry]
  3746 | D:4      | Reached XP level 6. HP: 48/48 MP: 9/9
  4057 | D:4      | Noticed a +0 dagger
  4058 | D:4      | Noticed a +0 hand axe
  4115 | D:4      | Found a hide-covered altar of Uskayaw.
  4171 | D:5      | Entered Level 5 of the Dungeon
  4498 | D:5      | Gained mutation: When seriously injured, your bleeding
                  | wounds create very thick armour. (AC +12) [demonic
                  | ancestry]
  4498 | D:5      | Reached XP level 7. HP: 50/55 MP: 10/10
  4689 | D:5      | Found a shattered altar of Ashenzari.
  4689 | D:5      | Found a sacrificial altar of Ru.
  4797 | D:6      | Found a staircase to the Ecumenical Temple.
  4813 | Temple   | Entered the Ecumenical Temple
  4897 | D:6      | Reached skill level 5 in Fighting
  4976 | D:6      | Found a glowing drain.
  5013 | Sewer    | Entered a sewer
  5124 | Sewer    | Noticed Purgy
  5141 | Sewer    | Killed Purgy
  5334 | D:6      | Found a sand-covered staircase.
  5344 | Ossuary  | Entered an ossuary
  5440 | Ossuary  | Reached skill level 5 in Dodging
  5447 | Ossuary  | Reached XP level 8. HP: 26/64 MP: 11/11
  5982 | Ossuary  | Reached skill level 5 in Armour
  7169 | D:6      | Found an opulent altar of Gozag.
  7175 | D:6      | Became a worshipper of Gozag Ym Sagoz the Greedy
  7453 | D:7      | Found a blossoming altar of Fedhas.
  7670 | D:7      | Gained mutation: You have a pair of small antennae on your
                  | head. [demonic ancestry]
  7670 | D:7      | Reached XP level 9. HP: 72/72 MP: 12/12
  8234 | D:7      | Found a runed translucent door.
  8884 | D:7      | Found a stormy altar of Qazlal.
  8888 | D:7      | Found a glowing golden altar of the Shining One.
  9002 | D:8      | Found a runed translucent door.
  9002 | D:8      | Noticed FrogZ's ghost (novice DsBe)
  9364 | D:8      | Noticed Prince Ribbit
  9378 | D:8      | Killed Prince Ribbit
  9378 | D:8      | Reached skill level 3 in Spellcasting
  9460 | D:8      | Noticed a four-headed hydra
  9469 | D:8      | Killed a four-headed hydra
  9469 | D:8      | Reached skill level 4 in Spellcasting
  9469 | D:8      | Gained mutation: Your magical and physical power is
                  | slightly enhanced at high health. [demonic ancestry]
  9469 | D:8      | Reached XP level 10. HP: 82/82 MP: 14/16
 10587 | D:8      | Found Hamm's Gadget Shop.
 10587 | D:8      | Noticed a two-headed ogre
 10596 | D:8      | Killed a two-headed ogre
 10737 | D:8      | Learned a level 1 spell: Apportation
 10857 | D:9      | Noticed a two-headed ogre
 10874 | D:9      | Killed a two-headed ogre
 10874 | D:9      | Reached skill level 5 in Spellcasting
 11440 | D:9      | HP: 3/83 [something (9)]
 11827 | D:9      | Noticed a two-headed ogre
 11839 | D:9      | Killed a two-headed ogre
 11874 | D:9      | Reached skill level 10 in Fighting
 11890 | D:9      | Reached skill level 6 in Spellcasting
 12149 | D:9      | Reached XP level 11. HP: 50/90 MP: 20/20
 13246 | D:10     | Entered Level 10 of the Dungeon
 13324 | D:10     | Learned a level 4 spell: Cause Fear
 13801 | D:10     | Reached skill level 1 in Hexes
 14701 | D:11     | Noticed a two-headed ogre
 14721 | D:10     | Killed a two-headed ogre
 14944 | D:11     | Noticed a purple ugly thing
 14973 | D:10     | Reached skill level 7 in Spellcasting
 15370 | D:10     | Killed a purple ugly thing
 15727 | D:11     | You fall into a shaft and drop 2 floors!
 15727 | D:13     | Noticed a two-headed ogre
 15747 | D:13     | Killed a two-headed ogre
 15835 | D:13     | Noticed a +6 long sword
 15926 | D:12     | Noticed a two-headed ogre
 15944 | D:11     | Killed a two-headed ogre
 15944 | D:11     | Reached skill level 10 in Dodging
 15952 | D:11     | Noticed a death yak
 15959 | D:11     | Noticed a death yak
 16498 | D:11     | Noticed Josephine
 16528 | D:11     | Killed Josephine
 16698 | D:11     | Reached XP level 12. HP: 100/100 MP: 23/23
 16750 | D:11     | Noticed a death yak
 17046 | D:11     | Found a staircase to the Orcish Mines.
 17248 | D:11     | Learned a level 4 spell: Sticky Flame
 17372 | D:10     | Killed a death yak
 17575 | D:10     | Killed a death yak
 17575 | D:10     | Reached skill level 8 in Spellcasting
 17594 | D:10     | Killed a death yak
 17594 | D:10     | Reached skill level 5 in Hexes
 18001 | D:11     | Found a staircase to the Lair.
 18238 | D:11     | Reached skill level 9 in Spellcasting
 18810 | Lair:1   | Entered Level 1 of the Lair of Beasts
 18981 | Lair:1   | Noticed an eight-headed hydra
 19150 | D:12     | Found Utroz's Weapon Shoppe.
 19159 | D:11     | Reached skill level 10 in Spellcasting
 19503 | D:12     | Noticed Gastronok
 20036 | D:11     | Killed Gastronok
 20036 | D:11     | Reached skill level 11 in Spellcasting
 20196 | D:12     | Reached skill level 12 in Spellcasting
 20603 | D:12     | Reached skill level 13 in Spellcasting
 20711 | D:11     | Bought the amulet of Moral Flaws {Reflect rElec rPois rN+
                  | SH+6 SInv} for 1021 gold pieces
 21266 | D:13     | Noticed a two-headed ogre
 21295 | D:12     | Killed a two-headed ogre
 21815 | D:13     | Found a gate to the Vaults.
 22077 | Orc:1    | Entered Level 1 of the Orcish Mines
 22140 | Orc:1    | Found a burning altar of Makhleb.
 22194 | Orc:1    | Gained mutation: You have a pair of antennae on your head.
                  | [demonic ancestry]
 22194 | Orc:1    | Reached XP level 13. HP: 92/106 MP: 30/30
 22293 | Orc:1    | Found Getej's General Store.
 22317 | Orc:1    | Bought a scroll of fog for 24 gold pieces
 22317 | Orc:1    | Bought a scroll of magic mapping for 42 gold pieces
 22317 | Orc:1    | Bought a scroll of identify for 24 gold pieces
 22933 | Orc:2    | Entered Level 2 of the Orcish Mines
 22933 | Orc:2    | Found a staircase to the Elven Halls.
 24313 | Orc:1    | Reached skill level 5 in Conjurations
 24359 | Orc:2    | Found Igabihuj's General Store.
 24386 | Orc:2    | Bought a scroll of identify for 30 gold pieces
 24386 | Orc:2    | Bought a scroll of teleportation for 45 gold pieces
 24386 | Orc:2    | Bought a scroll of enchant weapon for 112 gold pieces
 24386 | Orc:2    | Bought a wand of digging (6) for 300 gold pieces
 24497 | Orc:2    | Noticed an orc warlord
 24541 | D:11     | Bought a cursed ring of protection from cold for 264 gold
                  | pieces
 24849 | D:12     | Bought a +2 broad axe of electrocution for 352 gold pieces
 25058 | Lair:1   | Got a slimy falchion
 25059 | Lair:1   | Identified the +9 falchion of Imminent Death {antimagic,
                  | rF+ Str+8 Dex-5 SInv} (You found it on level 1 of the Lair
                  | of Beasts)
 26218 | Lair:2   | Found a transporter.
 26241 | Lair:2   | Found a hole to the Spider Nest.
 26395 | Lair:2   | Found a transporter.
 27495 | Lair:3   | Reached skill level 1 in Fire Magic
 27525 | Lair:3   | Paralysed by a hornet for 3 turns
 27926 | D:12     | HP: 4/107 [+4 long sword (17)]
 28305 | D:13     | Noticed Urug
 28321 | D:13     | Killed Urug
 28662 | D:14     | Found Tiev's Book Shop.
 28677 | D:14     | Bought a book of Minor Magic for 320 gold pieces
 28682 | D:14     | Learned a level 3 spell: Mephitic Cloud
 28685 | D:14     | Learned a level 2 spell: Blink
 28701 | D:14     | Found Omuejyn's Antique Weapon Emporium.
 28922 | D:14     | Found a runed translucent door.
 28922 | D:14     | Noticed a merfolk impaler
 28924 | D:14     | Found a runed translucent door.
 28935 | D:14     | Found a runed translucent door.
 28959 | D:14     | Found Uhok Agh's Antique Weapon Shoppe.
 28968 | D:14     | Bought an iridescent hunting sling for 201 gold pieces
 28969 | D:14     | Identified the +6 hunting sling of the Depths {flame, rPois
                  | rC+ rN+} (You bought it in a shop on level 14 of the
                  | Dungeon)
 28998 | D:14     | You fall into a shaft and drop 1 floor!
 28998 | D:15     | Entered Level 15 of the Dungeon
 29489 | D:15     | Mangled by a komodo dragon

Levels and vault maps discovered:
D:1:      grunt_arrival_crossed_arrows, layout_basic, st_stairs_4,
          serial_bayou_crossing
D:2:      layout_basic, corexii_shack, minmay_puff, uniq_jessica
D:3:      layout_rooms, marbit_many_paths
D:4:      layout_basic, dancing_weapons_uskayaw, first_ration
D:5:      layout_rooms, amethyst_overflow_temple_binary
D:6:      layout_loops_ring, old_standard_altar, minitemple,
          minmay_temple_entry_sparse_star, enter_ossuary_3, portal_sewer_entry_e
D:7:      minmay_recursive_quarters, layout_gridville,
          grunt_temple_overflow_open, fedhas_ov_isle_minmay,
          minmay_fountain_box, grunt_livestock, uniq_crazy_yiuf_cottage
D:8:      cheibrodos_two_vegetables, layout_basic, serial_shops, shop_fountains,
          ebering_ghost_inner_flame, uniq_prince_ribbit1
D:9:      layout_rooms, minivault_24, hangedman_weighted_door
D:10:     layout_roguey
D:11:     layout_big_octagon, dpeg_lair_monsters, hiddenorc2_lemuel,
          portal_ice_cave_demonic_guard, uniq_josephine
D:12:     layout_cave_pools, serial_shops, shop, uniq_gastronok
D:13:     layout_roguey, erik_vaults_1, uniq_urug
D:14:     layout_basic, serial_shops, shop, shop, shop, basic_altar,
          minmay_misc_feat_diagonals, grunt_decor_cap, mikee_hates_you
D:15:     grunt_enter_depths_magical_seal, layout_cave_pools,
          minmay_misc_feat_five
Temple:   nicolae_temple_x_marks_the_god
Lair:1:   layout_regular_city, grunt_megastairs_5
Lair:2:   gammafunk_cloud_chamber, layout_regular_city, dummy_spider_entry,
          lemuel_fruit_tree, grunt_megastairs_1, infiniplex_staircase_pool_2,
          serial_bayou_shore_a
Lair:3:   layout_small_grid, chequers_serial_rivers_micro_c
Orc:1:    layout_diamond_mine, serial_shops, shop, nicolae_orc_bridge_out,
          nicolae_orc_rockfall, bloody_makhleb
Orc:2:    grunt_orc_gardens, layout_caves, grunt_orc_garden, grunt_orc_garden,
          grunt_orc_garden, grunt_orc_garden, small_statue_alley_c

Skill      XL: |  1  2  3  4  5  6  7  8  9 10 11 12 13 |
---------------+----------------------------------------+-----
Dodging        | 1 2 3 4 5 6 7 9 10 | 10.9
Fighting       | 2 3 4 5 7 8 10 11 | 11.9
Armour         | 2 3 4 5 6 |  6.5
Spellcasting   | 4 6 7 13 | 13.7
Hexes          | 4 5 6 |  6.1
Conjurations   | 7 |  7.8
Fire Magic     | 3 |  3.0
Stealth        | |  1.0
Translocations | |  0.6
Poison Magic   | |  1.0
Evocations     | |  1.0

Action                   |  1- 3 |  4- 6 |  7- 9 | 10-12 | 13-15 || total
-------------------------+-------+-------+-------+-------+-------++-------
Melee: Spear             |    85 |       |       |       |       ||    85
       Dagger            |    64 |   177 |   125 |       |       ||   366
       Hand axe          |       |       |   275 |   345 |   104 ||   724
       Short sword       |       |       |    23 |   643 |   113 ||   779
       Broad axe         |       |       |       |       |   197 ||   197
       War axe           |       |       |       |       |    24 ||    24
 Fire: Hunting sling     |       |       |       |       |    29 ||    29
Throw: Stone             |       |       |     6 |       |       ||     6
       Dart              |       |       |    19 |    57 |    60 ||   136
       Javelin           |       |       |       |     9 |     2 ||    11
       Throwing net      |       |       |       |       |     4 ||     4
 Cast: Sticky Flame      |       |       |       |       |     6 ||     6
       Mephitic Cloud    |       |       |       |       |     4 ||     4
       Blink             |       |       |       |       |     1 ||     1
Invok: Call Merchant     |       |       |       |     2 |       ||     2
       Potion Petition   |       |       |       |     1 |     1 ||     2
Evoke: Wand              |       |       |     5 |    35 |     7 ||    47
  Use: Scroll            |     6 |       |    19 |    15 |     8 ||    48
       Potion            |       |       |     1 |    12 |     3 ||    16
 Stab: Sleeping          |     2 |       |       |     1 |       ||     3
       Distracted        |       |       |     5 |     9 |     1 ||    15
  Eat: Chunk             |     4 |     7 |     6 |       |       ||    17
       Ration            |       |       |     5 |    12 |     7 ||    24
Armor: Robe              |    35 |     6 |       |       |       ||    41
       Scale mail        |       |    67 |   135 |       |       ||   202
       Ring mail         |       |    18 |       |       |       ||    18
       Leather armour    |       |       |    24 |   367 |   160 ||   551
Dodge: Dodged            |    79 |    97 |   307 |  1049 |   474 ||  2006
       Repelled          |       |       |     4 |     5 |       ||     9
Block: Other             |       |       |       |    37 |   173 ||   210
       Reflection        |       |       |       |       |     4 ||     4

Table legend:
 A = Non-vault XP
 B = Vault XP
 C = Vault XP percentage of total XP
 D = Non-vault monster count
 E = Vault monster count
 F = Vault count percentage of total count
                 A         B        C        D         E       F
            +---------+---------+-------+---------+---------+-------
      Total |   43201 |   15798 |  26.8 |     454 |     145 |  24.2
            +---------+---------+-------+---------+---------+-------
        D:1 |      40 |       2 |   4.8 |      23 |       2 |   8.0
        D:2 |      28 |      26 |  48.1 |      14 |       4 |  22.2
        D:3 |     252 |       1 |   0.4 |      34 |       1 |   2.9
        D:4 |     258 |       0 |   0.0 |      13 |       0 |   0.0
        D:5 |     200 |       0 |   0.0 |      14 |       0 |   0.0
        D:6 |    1023 |      58 |   5.4 |      27 |       9 |  25.0
        D:7 |     114 |     994 |  89.7 |       6 |       8 |  57.1
        D:8 |    2315 |    1583 |  40.6 |      26 |      10 |  27.8
        D:9 |    4154 |     129 |   3.0 |      33 |       5 |  13.2
       D:10 |    4841 |    2417 |  33.3 |      51 |       3 |   5.6
       D:11 |    4676 |    5558 |  54.3 |      37 |      49 |  57.0
       D:12 |    5406 |       0 |   0.0 |      28 |       0 |   0.0
       D:13 |    3066 |     776 |  20.2 |      17 |       1 |   5.6
       D:14 |    2034 |       0 |   0.0 |      12 |       0 |   0.0
       D:15 |    2284 |       0 |   0.0 |      17 |       0 |   0.0
     Temple |       3 |       0 |   0.0 |       2 |       0 |   0.0
     Lair:1 |    1832 |       0 |   0.0 |      10 |       0 |   0.0
     Lair:2 |    3625 |     968 |  21.1 |      18 |       4 |  18.2
     Lair:3 |    3323 |       0 |   0.0 |      16 |       0 |   0.0
      Orc:1 |    2672 |    1318 |  33.0 |      38 |       5 |  11.6
      Orc:2 |    1055 |    1079 |  50.6 |      18 |       6 |  25.0
      Sewer |       0 |     113 | 100.0 |       0 |       6 | 100.0
    Ossuary |       0 |     776 | 100.0 |       0 |      32 | 100.0
            +---------+---------+-------+---------+---------+-------
